AoeStats
← AiM | CyclopsTron

Arabia

503716236Analyzed
4v4 RM · 1mo ago on Sep 1, 2026· 31m 39s· 8 players
Game mode
Random Map
Map size
Large (8 player)
Population
200
Speed
Normal
Resources
Standard
Victory
Conquest
Starting age
Dark Age
Ending age
Imperial Age
RankedLock teamsTeams togetherTeam positionsShared explorationLock speedFull tech treeHidden civsTurbo modeCheats
Victory
Defeat
🇲🇽 Vietnamese · Mexico
1581
+10
🇲🇽 Maya · Mexico
1562
+11
🇲🇽 Gurjaras · Mexico
1554
+11
🇵🇪 Georgians · Peru
1457
+15
🇨🇴 Franks · Colombia
1531
-16
🇦🇷 Ethiopians · Argentina
1447
-12
🇲🇽 Magyars · Mexico
1441
-12
🇦🇷 Turks · Argentina
1356
-8
VX | Oblígame Perro!
5:09 Loom
9:43 Feudal Age
10:18 Double-Bit Axe
15:32 Scale Barding Armor
20:19 Scale Mail Armor
Panelo
6:07 Loom
8:56 Feudal Age
10:03 Double-Bit Axe
16:57 Scale Barding Armor
18:22 Forging
20:46 Wheelbarrow
[BRANCA] Lord_FeDe
5:32 Loom
12:51 Feudal Age
25:12 Castle Age
InaHolmes
2:37 Loom
14:10 Feudal Age
24:00 Town Watch
Crosnay
0:26 Loom
9:50 Feudal Age
10:22 Double-Bit Axe
12:40 Fletching
20:06 Wheelbarrow
22:56 Castle Age
21:01 Horse Collar
23:06 Crossbowman
23:48 Padded Archer Armor
24:20 Bodkin Arrow
25:09 Bow Saw
28:43 Town Watch
32:19 Heavy Plow
AiM | CyclopsTron
0:32 Loom
9:20 Feudal Age
9:53 Double-Bit Axe
12:21 Fletching
16:09 Horse Collar
18:30 Padded Archer Armor
23:18 Stone Mining
24:01 Town Watch
26:40 Castle Age
25:49 Gold Mining
27:25 Bodkin Arrow
27:12 Crossbowman
29:51 Wheelbarrow
30:16 Town Watch
Trebuchet_Andino
5:30 Loom
8:17 Feudal Age
9:12 Double-Bit Axe
9:52 Horse Collar
16:38 Scale Barding Armor
18:01 Forging
19:42 Bloodlines
20:58 Wheelbarrow
24:13 Castle Age
22:57 Gold Mining
24:18 Light Cavalry
25:20 Chain Barding Armor
29:40 Husbandry
30:42 Hand Cart
31:06 Heavy Plow
Ux'Cucurella
6:22 Loom
8:57 Feudal Age
9:33 Double-Bit Axe
10:23 Horse Collar
16:55 Bloodlines
17:36 Scale Barding Armor
20:34 Forging
24:21 Castle Age
22:22 Gold Mining
28:41 Imperial Age
27:13 Gold Shaft Mining
28:46 Spies/Treason
Connection lost

Rejoining the realm…

Still unreachable

The connection could not be restored.

Session expired

The server has moved on; the page needs a fresh start.